 Dungeon Crawl Stone Soup version 0.30.0-5-g1a98f26d00 (webtiles) character file.

Game seed: 6783287418734463272

113 Demosthentine the Ducker (level 4, -2/35 HPs)
             Began as a Demonspawn Gladiator on May 10, 2023.
             Slain by a gnoll
             ... wielding a +0 whip
              (7 damage)
             ... on level 3 of the Dungeon.
             The game lasted 00:02:05 (2204 turns).

Demosthentine the Ducker (Demonspawn Gladiator)     Turns: 2204, Time: 00:02:05

Health: -2/35      AC:  7    Str: 17    XL:     4   Next: 65%
Magic:  4/4        EV: 12    Int:  9    God:
Gold:   108        SH:  0    Dex: 14    Spells: 3/3 levels left

rFire   . . .        a - +1 trident
rCold   . . .        (no shield)
rNeg    . . .        b - +0 leather armour
rPois   .            c - +0 helmet
rElec   .            (no cloak)
rCorr   .            (no gloves)
SInv    .            (no boots)
Will    .....        (no amulet)
Stlth   +            (no ring)
HPRegen 0.25/turn    (no ring)
MPRegen 0.09/turn

%: no passive effects
@: no status effects
A: sharp scales 3
a: no special abilities


You were on level 3 of the Dungeon.
You visited 1 branch of the dungeon, and saw 3 of its levels.

You collected 108 gold pieces.

Inventory:

Hand Weapons
 a - a +1 trident (weapon)
Missiles
 d - 3 throwing nets (quivered)
 e - a javelin
 h - 3 atropa-tipped darts
Armour
 b - a +0 leather armour (worn)
 c - a +0 helmet (worn)
Wands
 n - a wand of flame (14)
Scrolls
 k - 2 scrolls of butterflies
 m - 3 scrolls of teleportation
 o - 2 scrolls of identify
 q - a scroll of enchant weapon
Potions
 f - 2 potions of curing {unknown}
 g - a potion of mutation {unknown}
 i - a potion of haste
 j - a potion of brilliance
 l - a potion of invisibility {unknown}
 p - a potion of heal wounds {unknown}


   Skills:
 + Level 3.0 Fighting
 + Level 3.3 Polearms
 - Level 1.7 Throwing
 + Level 1.7 Armour
 + Level 3.3 Dodging


You had 3 spell levels left.
You didn't know any spells.
Your spell library was empty.

Dungeon Overview and Level Annotations

Branches:
Dungeon (3/15)

Altars:

Shops:
D:1 =   D:2 [


Innate Abilities, Weirdness & Mutations

You are completely covered in razor-sharp scales. (AC +3, Slay +3)


Message History

The orc hits you but does no damage.
You barely miss the orc.
The orc is heavily wounded.
The orc closely misses you.
You barely miss the orc.
The orc is heavily wounded.
The orc hits you but does no damage. x2
You hit the orc.
The orc is almost dead.
The orc misses you.
You puncture the orc!
You kill the orc!
The gnoll throws a throwing net.
The throwing net hits you.
You become entangled in the net!
You struggle against the net.
You struggle against the net.
The gnoll barely misses you.
You struggle against the net.
The gnoll hits you but does no damage. The gnoll barely misses you.
You struggle against the net.
The gnoll hits you but does no damage. x2
You shred the net and break free!
The gnoll hits you from afar with a +0 halberd.
The gnoll closely misses you.
You barely miss the gnoll.
The gnoll is heavily wounded.
The gnoll closely misses you. The gnoll hits you but does no damage.
You closely miss the gnoll.
The gnoll is heavily wounded.
The gnoll hits you from afar with a +0 halberd.
The gnoll barely misses you.
You hit the gnoll.
The gnoll is almost dead.
The gnoll barely misses you. The gnoll hits you with a +0 whip!
* * * LOW HITPOINT WARNING * * *
You barely miss the gnoll.
The gnoll is almost dead.
The gnoll barely misses you. The gnoll hits you but does no damage.
You barely miss the gnoll.
The gnoll is almost dead.
The gnoll misses you. The gnoll hits you with a +0 whip!
You die...

#############.# ####.###.....
##......#
#.#######......######
##.####.#####......##.##.#.#
##.##..........###.##.##.#.##
......#.######<#............#
##.####.# #.#.#.#...###..#
#.####.# #.#.#.#...#....#
#......# #...........#..#
######## ###@###.#.#†...####
#g# #.#.......... ####g#
#.......##### #...g#
#####.### #.#..# #.....#
#...#### #..<..#
##.#.g.###.....#
#...#g.##..>..#
#..###g##.....#


You could see 3 gnolls.

Vanquished Creatures
  A sleepcap (D:3)
  2 gnolls
  2 adders
  2 worms (D:2)
  An orc (D:3)
  6 endoplasms
  A giant cockroach (D:2)
  4 goblins
  3 hobgoblins
  2 jackals (D:2)
  5 ball pythons
  4 bats
  4 frilled lizards
  4 kobolds
  6 rats
47 creatures vanquished.

Notes
Turn   | Place    | Note
-------+----------+-------------------------------------------
     0 | D:1      | Demosthentine the Demonspawn Gladiator began the quest for
                  | the Orb.
     0 | D:1      | Reached XP level 1. HP: 16/16 MP: 1/1
   272 | D:1      | Gained mutation: You are partially covered in razor-sharp
                  | scales. (AC +1, Slay +1) [demonic ancestry]
   272 | D:1      | Reached XP level 2. HP: 10/22 MP: 2/2
   491 | D:1      | Found Weweg's Jewellery Shop.
   535 | D:1      | Found a faded altar of an unknown god.
   752 | D:1      | Reached skill level 1 in Armour
   871 | D:2      | Gained mutation: You are mostly covered in razor-sharp
                  | scales. (AC +2, Slay +2) [demonic ancestry]
   871 | D:2      | Reached XP level 3. HP: 27/28 MP: 3/3
  1032 | D:2      | Found Zafiadas's Antique Armour Shoppe.
  1842 | D:3      | Gained mutation: You are completely covered in razor-sharp
                  | scales. (AC +3, Slay +3) [demonic ancestry]
  1842 | D:3      | Reached XP level 4. HP: 34/34 MP: 4/4
  2204 | D:3      | Slain by a gnoll

Illustrated notes

Levels and vault maps discovered:
D:1:      elethiomel_arrival_quiet, layout_loops_cross, serial_shops, shop,
          ebering_ecumenical_altar_box
D:2:      layout_basic, serial_shops, nicolae_shop_waterfront,
          chequers_big_river
D:3:      layout_loops_cross, chequers_avenue

Skill      XL: |  1  2  3  4 |
---------------+-------------+-----
Polearms       | 3 |  3.3
Dodging        | 3 |  3.3
Armour         | 1 |  1.7
Fighting       | 3 |  3.0
Throwing       | |  1.7

Action                     |  1- 3 |  4- 6 || total
---------------------------+-------+-------++-------
  Melee: Trident           |    99 |    29 ||   128
    Use: Scroll            |     7 |       ||     7
   Stab: Sleeping          |     2 |       ||     2
 Armour: Leather armour    |    22 |    15 ||    37
  Dodge: Dodged            |    30 |    25 ||    55
